AoeStats
← 张氏王长神兵天降

Arena

510123415Analyzed
1v1 RM · 4d ago on Sep 29, 2026· 41m 41s· 2 players
Game mode
Random Map
Map size
Tiny (2 player)
Population
200
Speed
Normal
Resources
Standard
Victory
Conquest
Starting age
Dark Age
Ending age
Imperial Age
RankedLock teamsTeams togetherTeam positionsShared explorationLock speedFull tech treeHidden civsTurbo modeCheats
Victory
Defeat
591
+17
🇦🇷 Malay · Argentina
615
-17
张氏王长神兵天降
0:28 Loom
10:36 Feudal Age
11:12 Double-Bit Axe
11:19 Horse Collar
14:39 Forging
14:30 Scale Mail Armor
18:59 Castle Age
17:40 Scale Mail Armor
20:01 Bow Saw
22:21 Heavy Plow
22:36 Pikeman
23:16 Squires
23:12 Gold Mining
24:05 Chain Mail Armor
24:44 Stone Mining
25:31 Gold Shaft Mining
26:01 Iron Casting
28:15 Scale Barding Armor
28:49 Light Cavalry
29:40 Bloodlines
29:31 Husbandry
34:24 Chain Barding Armor
33:55 Fletching
34:05 Padded Archer Armor
37:03 Imperial Age
38:19 Ballistics
39:00 Chemistry
37:31 Capped Ram
37:56 Cavalier
38:25 Heavy Scorpion
40:00 Elite Samurai
41:09 Halberdier
tim
6:36 Loom
9:57 Feudal Age
17:31 Double-Bit Axe
20:10 Castle Age
18:13 Gold Mining
22:12 Stone Mining
24:56 Bow Saw
40:54 Imperial Age
Connection lost

Rejoining the realm…

Still unreachable

The connection could not be restored.

Session expired

The server has moved on; the page needs a fresh start.